 Dungeon Crawl Stone Soup version 0.28.0-53-g5a82cb258f (webtiles) character file.

Game seed: 10946337650735910613

259 VictoriousLee the Chopper (level 6, 0/47 HPs)
             Began as a Formicid Abyssal Knight on July 16, 2022.
             Was a Follower of Lugonu.
             Slain by a white imp (2 damage)
             ... on level 6 of the Dungeon.
             The game lasted 00:05:21 (2594 turns).

VictoriousLee the Chopper (Formicid Abyssal Knight) Turns: 2594, Time: 00:05:22

Health: 0/47       AC:  5    Str: 20    XL:     6   Next: 40%
Magic:  7/7        EV: 10    Int: 15    God:    Lugonu [*.....]
Gold:   54         SH:  0    Dex: 11    Spells: 5/5 levels left

rFire   . . .      SeeInvis +   a - +1 hand axe
rCold   . . .      Faith    .   (no shield)
rNeg    . . .      Spirit   .   i - +0 ring mail
rPois   .          Reflect  .   (helmet unavailable)
rElec   .          Harm     .   (no cloak)
rCorr   .          Rampage  .   (no gloves)
Will    .....                   (no boots)
Stlth   +.........              (no amulet)
HPRegen 0.15/turn               e - +6 ring of intelligence
MPRegen 0.10/turn               (no ring)

@: no status effects
A: permanent stasis, dig shafts and tunnels, antennae 3, four strong arms
a: Dig, Shaft Self, Renounce Religion, Depart the Abyss


You were on level 6 of the Dungeon.
You worshipped Lugonu.
Lugonu was aware of your devotion.
You visited 1 branch of the dungeon, and saw 4 of its levels.
You visited the Abyss 1 time.

You collected 54 gold pieces.

Inventory:

Hand Weapons
 a - a +1 hand axe (weapon)
 n - a +0 scimitar
Missiles
 k - 16 stones
Armour
 b - a +0 leather armour
 i - a +0 ring mail (worn)
Jewellery
 e - a +6 ring of intelligence (left hand)
Scrolls
 c - a scroll of blinking {unknown}
 d - a scroll of noise {unknown}
 h - 2 scrolls of identify {unknown}
 j - a scroll of teleportation {unknown}
 l - a scroll of immolation {unknown}
Potions
 f - a potion of curing
 g - a potion of heal wounds
 m - a potion of resistance {unknown}
 o - a potion of haste {unknown}


   Skills:
 - Level 3.2 Fighting
 + Level 6.3 Axes
 - Level 2.1 Armour
 - Level 0.8 Dodging
 - Level 2.1 Invocations


You had 5 spell levels left.
You didn't know any spells.
Your spell library was empty.

Dungeon Overview and Level Annotations

Branches:
Dungeon (3/15)

Altars:


Innate Abilities, Weirdness & Mutations

You cannot be hasted, slowed, berserked, paralysed or teleported.
You can dig through walls and to a lower floor.
You have a pair of large antennae on your head. (SInv)
Your four strong arms can wield two-handed weapons with a shield.


Message History

You fall into a shaft and drop 3 floors!
The shaft crumbles and collapses.
A white imp comes into view.
The white imp shouts, "Relinquish hope, thou mewling nut-hook pumpion!"
The white imp moves out of view.
Found 11 bolts.
Found a chain mail.
The white imp gestures at you. The puff of frost hits you!
The white imp barely misses you.
You hit the white imp but do no damage. The white imp gestures at you.
The puff of frost hits you!
You barely miss the white imp. The white imp gestures at you.
The puff of frost hits you!
You are too injured to fight recklessly!
You barely miss the white imp. The white imp hits you.
The white imp freezes you.
* * * LOW HITPOINT WARNING * * *
You slash the white imp!
The white imp is severely wounded.
The white imp shouts, "Embrace thy doom, thou plume-plucked swag-bellied boar-pig!"
The white imp hits you but does no damage.
You closely miss the white imp.
The white imp is severely wounded.
The white imp hits you.
* * * LOW HITPOINT WARNING * * *
The white imp freezes you.
* * * LOW HITPOINT WARNING * * *
You hit the white imp.
The white imp is severely wounded.
The white imp gestures at you. The puff of frost misses you.
You hit the white imp but do no damage.
The white imp is severely wounded.
The white imp hits you.
* * * LOW HITPOINT WARNING * * *
The white imp freezes you.
You die...

#.# #.### ## # ##..# ##.
.# #.## (. ..# #.# .#
#..###.# ##.# #....#.##
###.##
........####....###.###.
.............#..@5......
............###.........
.##....####...#...#.....
##.### ###....#......
#.# #.........# ##.#
##......... #..#
......[. . #.##
.......## ###.### ..


You could see a white imp.

Vanquished Creatures
  Sigmund (D:2)
  Natasha (twice) (D:2)
  An adder (D:2)
  2 worms (D:2)
  A dart slug (D:2)
  4 bats (D:1)
  4 endoplasms
  A giant cockroach (D:1)
  5 hobgoblins
  2 quokkas
  5 ball pythons
  2 frilled lizards (D:1)
  3 goblins
  3 kobolds
  3 rats
39 creatures vanquished.

Notes
Turn   | Place    | Note
-------+----------+-------------------------------------------
     0 | Abyss:1  | VictoriousLee the Formicid Abyssal Knight began the quest
                  | for the Orb.
     0 | Abyss:1  | Reached XP level 1. HP: 18/18 MP: 2/2
    36 | Abyss:1  | Noticed a large abomination
    37 | D:1      | Escaped the Abyss
   194 | D:1      | Reached XP level 2. HP: 9/24 MP: 3/3
   417 | D:1      | Reached * piety under Lugonu
   524 | D:1      | Reached skill level 3 in Axes
   678 | D:1      | Reached XP level 3. HP: 29/29 MP: 4/4
  1211 | D:2      | Noticed Natasha
  1220 | D:2      | Killed Natasha
  1221 | D:2      | Reached skill level 4 in Axes
  1221 | D:2      | Reached XP level 4. HP: 21/35 MP: 5/5
  1690 | D:2      | Noticed Sigmund
  1734 | D:2      | Killed Sigmund
  1735 | D:2      | Reached skill level 6 in Axes
  1735 | D:2      | Reached XP level 5. HP: 24/41 MP: 6/6
  1735 | D:2      | Reached XP level 6. HP: 28/47 MP: 7/7
  1944 | D:2      | Noticed Natasha
  1950 | D:2      | Killed Natasha
  2555 | D:3      | You fall into a shaft and drop 3 floors!
  2594 | D:6      | HP: 2/47 [white imp (4)]
  2594 | D:6      | Slain by a white imp

Illustrated notes

Levels and vault maps discovered:
D:1:      minmay_arrival_semitransparent, layout_basic
D:2:      layout_basic, grunt_ministairs_10, chequers_serial_rivers_micro_a,
          uniq_sigmund, uniq_natasha
D:3:      layout_basic, ebering_ecumenical_altar_box, serial_shops, shop,
          kennysheep_generic_room_9, uniq_ijyb
D:6:      layout_layer_cave, minmay_temple_entry_overgrown, uniq_maggie

Skill      XL: |  1  2  3  4 |
---------------+-------------+-----
Axes           | 3 4 6 |  6.3
Fighting       | |  3.2
Armour         | |  2.1
Dodging        | |  0.8
Invocations    | |  2.1

Action                   |  1- 3 |  4- 6 || total
-------------------------+-------+-------++-------
Melee: Hand axe          |    63 |    64 ||   127
       Punch             |     1 |     1 ||     2
Invok: Depart the Abyss  |     1 |       ||     1
  Use: Potion            |       |     2 ||     2
Armor: Leather armour    |    15 |       ||    15
       Ring mail         |     5 |    14 ||    19
Dodge: Dodged            |    26 |    25 ||    51
